 Dungeon Crawl Stone Soup version 0.17-b1-15-g0f5fb43 (webtiles) character file.

287 Ishikawa the Magician (level 6, -1/44 HPs)
             Began as a Mummy Wizard on Nov 3, 2015.
             Slain by an ogre
             ... wielding a +0 giant club
              (17 damage)
             ... on level 4 of the Dungeon.
             The game lasted 00:06:46 (1874 turns).

Ishikawa the Magician (Mummy Wizard)                Turns: 1874, Time: 00:06:46

Health: -1/44      AC:  3    Str: 10    XL:     6   Next: 8%
Magic:  1/12       EV: 12    Int: 19    God:
Gold:   79         SH:  0    Dex: 11    Spells: 4 memorised, 4 levels left

rFire  x . .     SeeInvis .     j - +0 mace
rCold  + . .     Clarity  .     a - +0 robe
rNeg   + + +     SustAt   .     (no shield)
rPois  ∞         Gourm    .     b - +0 hat
rElec  .         Spirit   .     (no cloak)
rCorr  .         Warding  .     (no gloves)
rMut   .         Stasis   .     d - +0 pair of boots (curse)
MR     .....                    m - amulet of faith
Stlth  ++........               (no ring)
                                (no ring)

@: very slightly contaminated, not resistant to hostile enchantments, unstealthy
A: no food or potions, fire vulnerability, cold resistance 1, negative energy
resistance 3, torment resistance, unbreathing
a: no special abilities


You were on level 4 of the Dungeon.
You were not hungry.

You visited 1 branch of the dungeon, and saw 4 of its levels.

You collected 79 gold pieces.

Inventory:

Hand Weapons
 h - a +0 short sword
 j - a +0 mace (weapon)
Armour
 a - a +0 robe (worn)
 b - a +0 hat (worn)
 d - a cursed +0 pair of boots (worn)
Jewellery
 m - an amulet of faith (around neck)
Wands
 n - a wand of fireball (7)
Scrolls
 e - a scroll of fear {unknown}
 f - 3 scrolls of remove curse {unknown}
 g - a scroll of enchant armour {unknown}
 i - 5 scrolls of identify {unknown}
 k - a scroll of noise {unknown}
 l - a scroll of teleportation {unknown}
 o - a scroll of recharging {unknown}
 p - a scroll of random uselessness {unknown}
Books
 c - a book of Minor Magic

   Spells                             Type                      Level
   a - Magic Dart                     Conjuration                  1
   b - Blink                          Translocation                2
   c - Call Imp                       Summoning                    2
   d - Repel Missiles                 Charms/Air                   2
   e - Slow                           Hexes                        2
   f - Conjure Flame                  Conjuration/Fire             3
   g - Mephitic Cloud                 Conjuration/Poison/Air       3


   Skills:
 - Level 2.0 Fighting
 - Level 1.5 Dodging
 - Level 1.5 Stealth
 + Level 4.2 Spellcasting
 + Level 2.3 Conjurations
 + Level 1.5 Summonings
   Level 0.7 Translocations
 + Level 1.4 Air Magic
 + Level 1.4 Poison Magic


You had 4 spell levels left.
You knew the following spells:

 Your Spells              Type           Power        Failure   Level  Hunger
a - Magic Dart            Conj           ##..         8%          1    N/A
b - Call Imp              Summ           #.......     12%         2    N/A
c - Mephitic Cloud        Conj/Pois/Air  ##......     21%         3    N/A
d - Conjure Flame         Conj/Fire      #.......     28%         3    N/A

Dungeon Overview and Level Annotations

Branches:
Dungeon (4/15)
 Temple: D:4-7

Altars:

Annotations:
D:3 septik's ghost, amateur GrFi


Innate Abilities, Weirdness & Mutations

You do not eat or drink.
Your flesh is vulnerable to fire.
You are immune to poison.
Your flesh is cold resistant.
You are immune to negative energy.
You are immune to unholy pain and torment.
You can survive without breathing.


Message History

You miscast Mephitic Cloud.
You are very lightly contaminated with residual magic.
Wisps of poison gas drift from your hands.
The ogre hits you with a giant club!
Casting: Mephitic Cloud
Confirm with . or Enter, or press ? or * to list all spells.
Aiming: Mephitic Cloud
Press: ? - help, Shift-Dir - straight line, f/p - ogre
Aim: an ogre, wielding a giant club (heavily wounded)
You miscast Mephitic Cloud.
You feel faint for a moment.
Casting: Mephitic Cloud
Confirm with . or Enter, or press ? or * to list all spells.
Aiming: Mephitic Cloud
Press: ? - help, Shift-Dir - straight line, f/p - ogre
Aim: an ogre, wielding a giant club (heavily wounded)
The ball explodes into a vile cloud!
The stinking cloud engulfs the ogre.
The ogre is heavily wounded.
The stinking cloud engulfs you!
The ogre is engulfed in noxious fumes.
The ogre hits you with a giant club!
You die...

### ##. #.# ####.#..# #..
..##.#.# #.......# #.#
##...#.# #.#..#### #.#
##...##.####.#..#
#.###.....#..>.#.#.O#
#.##.........<...#.)#
#.#.........##.###..#####
>#####.†....§O§..............$
............§@§..##.##########
.########.......###.#
##........... ##...########
#####


You could see an ogre.

Vanquished Creatures
  Sigmund (D:4)
  A hound (D:4)
  A worker ant (D:4)
  An adder (D:2)
  5 giant geckos
  A ball python (D:1)
  A giant cockroach (D:2)
  2 goblins (D:2)
  8 hobgoblins
  A jackal (D:1)
  4 quokkas
  6 bats
  A giant gecko skeleton (D:4)
  5 giant newts
  5 kobolds
  9 rats
52 creatures vanquished.

Vanquished Creatures (collateral kills)
  5 adders
  A giant gecko (D:1)
  2 jackals (D:1)
  A goblin (D:2)
9 creatures vanquished.

Grand Total: 61 creatures vanquished

Notes
Turn   | Place    | Note
--------------------------------------------------------------
     0 | D:1      | Ishikawa the Mummy Wizard began the quest for the Orb.
     0 | D:1      | Reached XP level 1. HP: 13/13 MP: 4/4
   172 | D:1      | Reached skill level 1 in Conjurations
   333 | D:1      | Reached skill level 1 in Fighting
   351 | D:1      | Reached XP level 2. HP: 9/21 MP: 0/6
   355 | D:1      | Learned a level 2 spell: Call Imp
   727 | D:2      | Reached XP level 3. HP: 26/26 MP: 4/7
   732 | D:2      | Learned a level 3 spell: Mephitic Cloud
  1226 | D:2      | Reached XP level 4. HP: 26/33 MP: 7/9
  1568 | D:3      | Noticed septik's ghost (amateur GrFi)
  1650 | D:4      | Noticed Sigmund
  1671 | D:4      | Noticed an ogre
  1672 | D:4      | Killed Sigmund
  1672 | D:4      | Reached skill level 4 in Spellcasting
  1672 | D:4      | Reached skill level 1 in Summonings
  1672 | D:4      | Reached skill level 1 in Air Magic
  1672 | D:4      | Reached skill level 1 in Poison Magic
  1672 | D:4      | Reached XP level 5. HP: 20/38 MP: 3/11
  1762 | D:4      | Learned a level 3 spell: Conjure Flame
  1789 | D:4      | Reached XP level 6. HP: 26/44 MP: 3/12
  1874 | D:4      | Slain by an ogre

Action                   |  1- 3 |  4- 6 || total
-------------------------+-------+-------++-------
Melee: Short sword       |    16 |       ||    16
       Unarmed           |     5 |       ||     5
       Mace              |    52 |    42 ||    94
 Cast: Magic Dart        |    49 |    11 ||    60
       Call Imp          |     7 |     3 ||    10
       Mephitic Cloud    |       |     5 ||     5
 Stab: Sleeping          |     3 |       ||     3
       Distracted        |     1 |       ||     1
